 Dungeon Crawl Stone Soup version 0.20-a0-957-g47ad1fd (webtiles) character file.

10173 Lifeless the Carver (level 11, -8/101 HPs)
             Began as a Minotaur Abyssal Knight on Apr 4, 2017.
             Was a High Priest of Lugonu.
             Killed by divine providence
             ... invoked by a meliai
              (16 damage)
             ... on level 11 of the Dungeon on Apr 5, 2017.
             The game lasted 01:05:11 (16406 turns).

Lifeless the Carver (Minotaur Abyssal Knight)      Turns: 16406, Time: 01:05:12

Health: -8/101     AC: 19    Str: 16    XL:     11   Next: 32%
Magic:  11/12      EV:  8    Int:  9    God:    Lugonu [*****.]
Gold:   732        SH:  3    Dex: 14    Spells: 10/10 levels left

rFire    . . .     SeeInvis .   b - +2 great sword
rCold    . . .     Gourm    .   (shield currently unavailable)
rNeg     . . .     Faith    .   C - +0 plate armour
rPois    .         Spirit   .   (helmet restricted)
rElec    .         Reflect  +   (no cloak)
rCorr    .         Harm     .   u - +1 pair of gloves
MR       .....                  w - +0 pair of boots
Stlth    ..........             i - +3 amulet of reflection
Regen    0.3/turn               j - ring of flight
MPRegen  0.2/turn               (no ring)

@: no status effects
A: retaliatory headbutt, horns 2
a: Depart the Abyss, Bend Space, Banish, Corrupt, Enter the Abyss, Renounce
Religion, Evoke Flight


You were on level 11 of the Dungeon.
You worshipped Lugonu.
Lugonu was extremely pleased with you.
You were not hungry.

You visited 2 branches of the dungeon, and saw 12 of its levels.
You visited the Abyss 1 time.

You collected 732 gold pieces.

Inventory:

Hand Weapons
 a - a +3 dagger
 b - a +2 great sword (weapon)
Missiles
 A - a throwing net (quivered)
Armour
 u - a +1 pair of gloves (worn)
 w - a +0 pair of boots (worn)
 C - a +0 plate armour (worn)
Jewellery
 i - a +3 amulet of reflection (around neck)
 j - a ring of flight (left hand)
Wands
 e - a wand of clouds (0/9)
 m - a wand of digging (11/24)
 t - a wand of polymorph (13/24)
 B - a wand of acid (0/15)
 G - a wand of paralysis (16/24)
Scrolls
 d - 4 scrolls of enchant armour
 l - 4 scrolls of teleportation
 n - a scroll of recharging
 q - 2 scrolls of remove curse
 r - 3 scrolls of blinking
 s - 3 scrolls of fear
 y - 2 scrolls of enchant weapon {unknown}
 D - a scroll of torment {unknown}
 F - a scroll of immolation {unknown}
 H - a scroll of summoning {unknown}
Potions
 g - 2 potions of heal wounds {unknown}
 k - 3 potions of resistance
 o - 2 potions of lignification
 p - a potion of might {unknown}
 v - a potion of haste
 x - a potion of ambrosia {unknown}
Comestibles
 c - 8 bread rations
 f - 10 royal jellies
 z - a meat ration
 E - 4 fruits


   Skills:
 + Level 10.8 Fighting
 + Level 13.4 Long Blades
 + Level 11.3 Armour
 + Level 4.9 Dodging
 + Level 3.0 Invocations


You had 10 spell levels left.
You didn't know any spells.

Dungeon Overview and Level Annotations

Branches:
Dungeon (11/15)            Temple (1/1) D:7            Lair (0/6) D:8
    Orc (0/2) D:9

Altars:
Ashenzari
Cheibriados
Dithmenos
Elyvilon
Fedhas
Gozag
Hepliaklqana
Kikubaaqudgha
Makhleb
Nemelex Xobeh
Okawaru
Qazlal
Ru
Sif Muna
Trog
Uskayaw
Vehumet
Wu Jian
Xom
Yredelemnul
Zin
The Shining One

Shops:
D:9 [}

Annotations:
D:9 Azzok's ghost, journeyman FoFi


Innate Abilities, Weirdness & Mutations

You reflexively headbutt those who attack you in melee.
You have a pair of horns on your head.


Message History

The meliai stings you but does no damage.
The orc wizard mumbles some strange words.
The orc wizard flickers and vanishes!
Deactivating autopickup; reactivate with Ctrl-A.
The hungry ghost hits you.
You feel a lot more hungry. The meliai hits you with a hand axe.
* * * LOW HITPOINT WARNING * * *
The meliai stings you but does no damage.
Space bends around you!
You blink.
The orc wizard gestures wildly while chanting.
The orc wizard flickers and vanishes!
The quasit bites you but does no damage.
The quasit claws you but does no damage.
The quasit completely misses you.
The quasit bites you but does no damage.
The quasit barely misses you.
The quasit claws you but does no damage.
The meliai calls down the wrath of its god upon you.
Something smites you!
You die...

#..#.(.
#..#.....##########.# #
#..#.............<#.#
.###.#..#.....#######..#.#
....y...#.##+#......#..#.#
#)#.##.#.........#.#
#.######.#.##.#..###....#.#
.......).#.##.#.........#.#
....o....h.W...5@........>#
..########.##.y.........###
#....####.#####.#
#........(....#.####
#..................#
###........##.#..#.#
#.........#.#..#.#
#......#..#.#..#.#
.........#..#.#..#.#


You could see a hungry ghost, a meliai, a hound and a quasit.

Vanquished Creatures
  2 two-headed ogres
  The ghost of krabocopter the Carver, a novice DrFi (D:8)
  A manticore (D:9)
  2 meliai (D:11)
  3 trolls
  2 hornets (D:9)
  2 hippogriffs
  6 yaks
  2 hungry ghosts
  A soldier ant (D:9)
  A warg (D:9)
  A black bear (D:8)
  3 orc warriors
  3 sky beasts
  3 ogres
  2 phantoms
  3 centaurs
  A crocodile (D:8)
  12 bullfrogs
  A scorpion (D:4)
  6 wights
  8 killer bees
  2 howler monkeys
  3 centaur zombies
  2 bullfrog zombies
  5 crimson imps
  6 hounds
  6 orc wizards
  A gnoll shaman (D:7)
  9 orc priests
  2 bullfrog skeletons
  An iguana (D:6)
  11 worker ants
  Terence (D:3)
  2 killer bee zombies (D:7)
  2 mummies (D:7)
  10 gnolls
  11 adders
  2 shadow imps
  2 oozes (D:2)
  An adder zombie (D:7)
  An adder skeleton (D:9)
  6 worms
  3 dart slugs
  17 leopard geckos
  41 orcs
  9 giant cockroaches
  13 goblins
  14 hobgoblins
  14 jackals
  8 kobolds
  6 quokkas
  A ball python (D:7)
  6 bats
  8 frilled lizards
  A leopard gecko skeleton (D:9)
  8 rats
301 creatures vanquished.

Vanquished Creatures (others)
  A centaur (D:5)
  An orc wizard (D:8)
  A plant (D:2)
3 creatures vanquished.

Grand Total: 304 creatures vanquished

Notes
Turn   | Place    | Note
-------+----------+-------------------------------------------
     0 | Abyss:1  | Lifeless the Minotaur Abyssal Knight began the quest for the Orb.
     0 | Abyss:1  | Reached XP level 1. HP: 19/19 MP: 1/1
    48 | Abyss:1  | Noticed an ancient zyme
    49 | D:1      | Escaped the Abyss
   403 | D:1      | Reached * piety under Lugonu
   580 | D:1      | Reached XP level 2. HP: 27/27 MP: 2/2
   874 | D:2      | Reached XP level 3. HP: 34/34 MP: 3/3
  1323 | D:2      | Reached skill level 5 in Fighting
  1455 | D:2      | Reached XP level 4. HP: 40/42 MP: 4/4
  1560 | D:2      | Reached skill level 3 in Long Blades
  1687 | D:2      | Reached ** piety under Lugonu
  2770 | D:3      | Reached XP level 5. HP: 46/48 MP: 5/5
  2786 | D:3      | Found a faded altar of an unknown god.
  3095 | D:3      | Noticed Terence
  3103 | D:3      | Killed Terence
  3103 | D:3      | Reached skill level 4 in Long Blades
  4287 | D:4      | Reached skill level 5 in Long Blades
  4287 | D:4      | Reached XP level 6. HP: 41/56 MP: 6/6
  4853 | D:4      | Reached *** piety under Lugonu
  5222 | D:5      | Entered Level 5 of the Dungeon
  5296 | D:5      | Reached skill level 6 in Long Blades
  5346 | D:5      | Reached XP level 7. HP: 58/62 MP: 7/7
  5618 | D:5      | Reached skill level 5 in Armour
  5773 | D:5      | Found a shadowy altar of Dithmenos.
  5925 | D:5      | Reached skill level 7 in Long Blades
  6159 | D:6      | Found a white marble altar of Elyvilon.
  6184 | D:6      | Noticed a hand axe
  6185 | D:6      | Noticed a dagger
  6185 | D:6      | Found a hide-covered altar of Uskayaw.
  6401 | D:6      | Found a basalt altar of Yredelemnul.
  6630 | D:6      | Reached XP level 8. HP: 55/70 MP: 8/8
  7159 | D:7      | Reached skill level 8 in Long Blades
  7889 | D:7      | Reached skill level 9 in Long Blades
  7899 | D:7      | Reached **** piety under Lugonu
  8056 | D:7      | Reached XP level 9. HP: 52/79 MP: 9/9
  8385 | D:7      | Found a staircase to the Ecumenical Temple.
  8395 | Temple   | Entered the Ecumenical Temple
  8592 | D:7      | Found a shimmering altar of Xom.
  8791 | D:8      | Reached skill level 10 in Long Blades
  8939 | D:8      | Noticed a troll
  8951 | D:8      | Killed a troll
  9212 | D:8      | Noticed krabocopter's ghost (novice DrFi)
  9229 | D:8      | Killed krabocopter's ghost
  9229 | D:8      | Reached skill level 11 in Long Blades
  9425 | D:8      | Found a staircase to the Lair.
  9803 | D:8      | Reached ***** piety under Lugonu
  9885 | D:8      | Reached XP level 10. HP: 90/90 MP: 10/10
 10240 | D:9      | Paralysed by fainting for 11 turns
 10289 | D:9      | Found Etuquufy's Armour Emporium.
 11406 | D:9      | Found Mipres's Gadget Boutique.
 11814 | D:9      | Noticed a manticore
 11850 | D:9      | Killed a manticore
 11850 | D:9      | Reached skill level 12 in Long Blades
 12118 | D:9      | Noticed Azzok's ghost (journeyman FoFi)
 12280 | D:9      | Reached skill level 10 in Armour
 12452 | D:8      | Upgraded the game from 0.20-a0-949-g916514f to 0.20-a0-957-g47ad1fd
 13102 | D:9      | Paralysed by a hornet for 1 turns
 13295 | D:9      | Paralysed by a hornet for 2 turns
 13304 | D:9      | Paralysed by a hornet for 2 turns
 13722 | D:9      | Found a staircase to the Orcish Mines.
 14767 | D:9      | Noticed a two-headed ogre
 14783 | D:9      | Killed a two-headed ogre
 14783 | D:9      | Reached skill level 10 in Fighting
 15017 | D:10     | Entered Level 10 of the Dungeon
 15197 | D:10     | Reached XP level 11. HP: 99/99 MP: 12/12
 15276 | D:10     | Noticed a two-headed ogre
 15555 | D:10     | Killed a two-headed ogre
 15555 | D:10     | Reached skill level 13 in Long Blades
 16401 | D:11     | HP: 2/101 [meliai/divine providence (13)]
 16406 | D:11     | Killed from afar by a meliai

Vault maps used:
D:1:      lemuel_arrival_behind_the_door_large, serial_bayou_lagoon_a
D:2:      minmay_wonky_spiral, first_bread, lexackson_kobold_supper
D:3:      cheibrodos_greedy_goblins, chequers_ecumenical_altar_simple_redux,
          uniq_terence
D:4:      dk_noncrumbling_4
D:5:      st_stairs_9, nicolae_dithmenos_the_darkroom
D:6:      yredelemnul_altar_generic, dancing_weapons_uskayaw,
          nicolae_overflow_hidden_temple
D:7:      marbit_many_paths, minmay_temple_entry_junction, serial_undead,
          serial_undead_b, serial_undead_d, serial_undead_b, serial_undead_d
D:8:      dpeg_oklobed_lair
D:9:      erik_orc_4, serial_shops, nicolae_shop_behind_doors, shop,
          hangedman_pestilent_swarm
Temple:   nicolae_temple_no_exploring_needed
Abyss:1:  abyss_greek_temple

Skill      XL: |  1  2  3  4  5  6  7  8  9 10 11 |
---------------+----------------------------------+-----
Fighting       | 4 5 6 7 8 10 | 10.8
Armour         | 3 4 5 7 9 10 11 | 11.3
Invocations    | 2 3 |  3.0
Long Blades    | 3 5 6 7 9 11 12 13 | 13.4
Dodging        | 2 3 4 |  4.9

Action                   |  1- 3 |  4- 6 |  7- 9 | 10-12 || total
-------------------------+-------+-------+-------+-------++-------
Melee: Falchion          |    72 |   280 |   453 |   420 ||  1225
       Headbutt          |     7 |    38 |    83 |   119 ||   247
       Great sword       |       |       |       |    78 ||    78
Invok: Depart the Abyss  |     1 |       |       |       ||     1
       Bend Space        |       |       |     1 |    12 ||    13
Evoke: Wand              |       |       |     4 |     1 ||     5
  Use: Scroll            |       |     4 |     3 |     5 ||    12
       Potion            |       |       |       |     4 ||     4
 Stab: Sleeping          |       |     1 |       |       ||     1
  Eat: Chunk             |     1 |    11 |    16 |    11 ||    39
       Royal jelly       |       |     1 |       |     4 ||     5
       Bread ration      |       |       |       |     1 ||     1
       Meat ration       |       |       |       |     1 ||     1
Armor: Leather armour    |    10 |    20 |       |       ||    30
       Chain mail        |       |    99 |   204 |    44 ||   347
       Plate armour      |       |       |       |   218 ||   218
Dodge: Dodged            |    40 |   119 |   148 |   139 ||   446
Block: Other             |     5 |    31 |    50 |    53 ||   139
       Reflection        |       |     3 |     5 |     2 ||    10
       Rpst.: Falchion   |    12 |    34 |    39 |    21 ||   106
       Great sword       |       |       |       |    12 ||    12
